Map: Dédale EC

Players

HateMe

  • Race: Zerg Zerg
  • Spawn Location: 7:00

ShaDoWn - Winner!

  • Race: Protoss Protoss
  • Spawn Location: 1:00

Event: WCS Valencia 2018

VOD

Have the link to the VOD?

Description

Time

  • Played on: July 12, 2018, 9:57 a.m.
  • Length: 15:16

All games in this series

Show
View Real Time Build Order
Export as new Build Order

HateMe Zerg 

Build Orders: Hatch First, Lurkers, Roach Hydra 

Get SALT Encoding   

  12  0:02  Drone  
  13  0:12  Overlord  
  13  0:17  Drone  
  14  0:31  Drone x2  
  16  0:36  Drone  
  17  0:51  Hatchery  
  17  0:55  Drone  
  17  0:58  Drone  
  17  1:02  Extractor  
  17  1:13  Spawning Pool  
  17  1:16  Drone  
  17  1:20  Drone  
  18  1:28  Drone  
  19  1:39  Overlord  
  19  1:50  Drone  
  20  2:00  Queen  
  20  2:01  Zergling x2  
  23  2:03  Queen  
  23  2:04  Zergling x2  
  23  2:05  Metabolic Boost  
  26  2:11  Drone  
  26  2:14  Drone  
  28  2:21  Drone  
  29  2:25  Drone  
  30  2:35  Hatchery  
  29  2:39  Drone  
  29  2:44  Queen  
  30  2:48  Overlord  
  32  2:53  Drone  
  32  2:54  Drone  
  32  2:56  Drone  
  35  2:59  Drone  
  35  3:04  Overlord  
  36  3:08  Drone x2  
  39  3:12  Drone  
  39  3:13  Drone  
  39  3:17  Drone  
  39  3:18  Drone  
  42  3:21  Queen  
  44  3:32  Drone x2  
  44  3:34  Lair  
  46  3:39  Overlord  
  46  3:48  Spore Crawler  
  46  3:50  Evolution Chamber, Queen  
  46  3:53  Drone  
  46  3:54  Drone  
  46  3:55  Drone  
  49  3:57  Queen  
  49  3:58  Drone  
  49  3:59  Drone  
  53  4:03  Drone x2  
  53  4:04  Drone  
  53  4:05  Drone  
  57  4:13  Overlord  
  57  4:17  Roach Warren  
  57  4:18  Drone x2  
  57  4:21  Spore Crawler  
  57  4:29  Overlord, Zerg Missile Weapons Level 1  
  57  4:30  Extractor  
  57  4:31  Extractor, Spore Crawler, Drone  
  55  4:32  Drone  
  55  4:34  Drone  
  55  4:35  Drone  
  55  4:36  Drone  
  59  4:38  Drone  
  59  4:42  Overseer  
  59  4:46  Overlord  
  59  4:47  Drone x2  
  61  4:53  Overlord x2  
  61  4:57  Drone x3  
  64  5:03  Overlord  
  64  5:04  Overlord  
  64  5:05  Drone x2  
  64  5:06  Roach  
  68  5:11  Roach x2  
  72  5:15  Overlord  
  72  5:18  Overseer  
  72  5:22  Extractor, Roach  
  72  5:23  Roach x2  
  72  5:24  Roach  
  72  5:27  Roach  
  81  5:31  Roach  
  83  5:38  Roach x2  
  87  5:48  Roach  
  87  5:49  Roach x3  
  89  5:59  Drone x5  
  89  6:00  Overlord x3  
  89  6:01  Glial Reconstitution  
  89  6:04  Extractor, Roach  
  96  6:08  Roach  
  96  6:09  Roach x2  
  101  6:18  Roach x3  
  107  6:20  Overseer  
  107  6:25  Roach x2  
  111  6:26  Overlord x2  
  109  6:44  Drone x3  
  109  6:45  Drone x7  
  119  6:50  Zerg Missile Weapons Level 2  
  119  6:53  Drone  
  119  6:54  Extractor, Hydralisk Den  
  119  6:59  Drone x3  
  119  7:01  Hatchery  
  120  7:16  Overlord x3  
  120  7:26  Hydralisk x4  
  120  7:27  Hydralisk x8  
  144  7:30  Overlord  
  144  7:36  Ravager  
  145  7:37  Roach  
  145  7:38  Roach  
  145  7:42  Roach x3  
  149  7:44  Roach  
  149  7:45  Roach x2  
  149  7:50  Roach  
  155  7:54  Hydralisk  
  155  7:55  Hydralisk x2  
  155  7:57  Overlord x2  
  163  7:58  Roach  
  163  8:00  Roach  
  163  8:03  Roach  
  167  8:10  Roach  
  169  8:28  Lurker Den  
  169  8:30  Grooved Spines  
  169  8:31  Drone x2  
  169  8:32  Drone x10  
  180  8:36  Roach x6  
  180  8:40  Overlord  
  192  8:44  Spine Crawler  
  192  8:46  Spine Crawler  
  190  8:51  Hydralisk  
  192  9:05  Hydralisk  
  192  9:06  Extractor, Hydralisk x3, Zerg Ground Armor Level 1  
  192  9:07  Extractor  
  198  9:10  Spine Crawler x2  
  196  9:17  Hydralisk x2  
  196  9:21  Spine Crawler  
  196  9:23  Spine Crawler  
  198  9:32  Pneumatized Carapace  
  198  9:34  Infestation Pit  
  197  9:40  Spine Crawler  
  197  9:41  Muscular Augments  
  197  9:43  Overlord x2  
  196  9:48  Spine Crawler  
  193  9:54  Overlord x2  
  193  9:57  Spine Crawler  
  192  10:03  Lurker x6  
  192  10:04  Lurker  
  198  10:10  Lurker x2  
  194  10:25  Hive  
  194  10:27  Spire  
  187  10:42  Hydralisk x10  
  185  10:58  Hydralisk  
  185  10:59  Hydralisk x6  
  199  11:05  Spine Crawler  
  199  11:06  Spine Crawler  
  197  11:11  Drone x3  
  198  11:29  Hydralisk x7  
  190  11:40  Hydralisk  
  190  11:41  Hydralisk x6  
  190  11:45  Adaptive Talons, Greater Spire  
  198  11:49  Hydralisk  
  194  12:06  Overseer  
  176  12:24  Corruptor x8  
  176  12:25  Hatchery  
  174  12:37  Roach x2  
  174  12:38  Roach x10  
  198  12:44  Hydralisk x2  
  151  13:02  Hydralisk  
  151  13:03  Hydralisk x8  
  150  13:06  Hydralisk  
  152  13:12  Hydralisk  
  152  13:13  Hydralisk  
  152  13:15  Hydralisk x2  
  160  13:22  Hydralisk x2  
  162  13:34  Corruptor x3  
  164  13:49  Roach  
  164  13:50  Roach x9  
  165  14:09  Hydralisk x7  
  125  14:10  Hydralisk  
  125  14:12  Hydralisk  
  107  14:26  Brood Lord x2  
  107  14:28  Brood Lord  
  112  14:37  Brood Lord  
  108  14:45  Corruptor  
  108  14:46  Brood Lord  
Show
View Real Time Build Order
Export as new Build Order

ShaDoWn Protoss - Winner!

Build Orders: 1 Gate Expand, Oracle Opening, Phoenix Opening, Archon Immortal, Zealot Archon, Archon Drop 

Get SALT Encoding   

  12  0:00  Probe  
  13  0:12  Probe  
  14  0:19  Pylon  
  14  0:25  Probe  
  15  0:34  Probe  
  15  0:37  Gateway  
  15  0:42  Probe  
  16  0:47  Assimilator  
  17  0:51  Probe  
  18  1:04  Probe  
  19  1:16  Probe  
  20  1:23  Nexus  
  20  1:32  Cybernetics Core  
  20  1:35  Probe  
  21  1:41  Assimilator  
  21  1:48  Probe  
  21  1:50  Pylon  
  22  2:00  Adept, Probe  
  23  2:12  Probe  
  26  2:19  Stargate  
  26  2:24  Probe  
  26  2:26  Adept  
  29  2:32  Probe x2  
  29  2:34  Warp Gate  
  31  2:40  Probe x2  
  31  2:50  Probe  
  31  2:51  Probe  
  33  2:55  Phoenix  
  35  3:02  Probe  
  35  3:03  Probe  
  39  3:11  Gateway  
  39  3:14  Probe  
  39  3:15  Probe  
  39  3:18  Oracle  
  41  3:21  Pylon  
  41  3:26  Probe  
  45  3:27  Probe, Assimilator  
  45  3:29  Assimilator  
  46  3:36  Probe  
  46  3:39  Probe  
  48  3:42  Robotics Facility  
  48  3:44  Probe  
  48  3:51  Probe  
  48  3:52  Pylon  
  48  3:53  Probe  
  50  3:56  Twilight Council  
  51  4:03  Probe  
  51  4:05  Probe  
  53  4:15  Gateway x2, Probe  
  54  4:19  Warp Prism, Probe  
  54  4:20  Pylon  
  57  4:34  Templar Archives  
  57  4:38  Zealot  
  57  4:42  Zealot  
  61  4:49  Nexus  
  61  4:51  Pylon  
  61  4:55  Pylon  
  62  5:00  Probe x2  
  62  5:05  Forge  
  63  5:12  High Templar x4  
  71  5:16  Archon x2  
  71  5:27  Gateway  
  71  5:28  Immortal  
  71  5:30  Gateway  
  71  5:31  Probe x2  
  71  5:35  Gateway  
  73  5:37  Gateway, Pylon  
  77  5:43  Probe  
  78  5:52  Probe  
  78  5:54  Protoss Ground Weapons Level 1, Charge  
  78  5:55  Immortal  
  79  6:04  Probe x3  
  81  6:09  Sentry x2  
  90  6:16  Probe  
  90  6:17  Probe  
  90  6:18  Probe  
  93  6:23  Immortal  
  93  6:32  Probe x3  
  96  6:35  Assimilator  
  96  6:39  Pylon  
  100  6:40  Assimilator  
  100  6:44  Probe x3  
  103  6:49  Pylon  
  103  6:52  Zealot, High Templar x2  
  109  6:55  Observer  
  109  7:03  Pylon  
  110  7:09  Zealot x5  
  110  7:10  Warp Prism  
  110  7:11  Pylon  
  120  7:20  Zealot  
  124  7:23  Pylon  
  124  7:32  Zealot, High Templar x4  
  124  7:33  Zealot x2  
  124  7:35  Archon  
  124  7:36  Archon x2  
  138  7:41  Immortal  
  134  7:49  Nexus  
  136  7:53  Zealot  
  136  7:54  Zealot x3  
  144  8:08  Pylon  
  144  8:10  Pylon  
  144  8:12  Protoss Ground Weapons Level 2  
  142  8:13  Pylon  
  142  8:16  Pylon  
  132  8:21  Psionic Storm, Probe  
  132  8:23  Probe  
  132  8:30  High Templar  
  132  8:31  Zealot x4, High Templar x2  
  132  8:32  Zealot  
  132  8:33  Probe  
  149  8:39  Immortal  
  149  8:46  Shield Battery  
  149  8:48  Photon Cannon  
  149  8:50  Probe  
  149  8:52  High Templar  
  156  9:04  Robotics Facility  
  156  9:06  High Templar  
  156  9:08  Zealot  
  160  9:13  Probe  
  160  9:15  Assimilator  
  160  9:16  Assimilator  
  161  9:22  Immortal  
  165  9:27  Zealot  
  167  9:35  Probe x3  
  170  9:40  Gateway  
  170  9:41  Gateway  
  170  9:42  Gateway  
  170  9:46  Immortal  
  170  9:52  Zealot x8  
  190  10:00  Pylon  
  190  10:01  Pylon  
  190  10:02  Pylon  
  190  10:03  Pylon  
  190  10:04  Stargate  
  190  10:09  Fleet Beacon  
  190  10:10  Stargate  
  188  10:25  Zealot x6  
  182  10:38  Mothership  
  182  10:42  Zealot x2, Carrier x2  
  152  10:51  Immortal x2  
  152  10:53  Protoss Air Weapons Level 1  
  152  10:54  Probe  
  181  11:05  Carrier  
  181  11:16  Graviton Catapult  
  181  11:17  Protoss Ground Weapons Level 3  
  181  11:18  Nexus  
  187  11:19  Pylon  
  183  11:29  High Templar x2  
  183  11:32  Shield Battery  
  183  11:34  Photon Cannon  
  183  11:38  Immortal, Photon Cannon  
  180  11:42  Photon Cannon  
  180  11:43  Zealot x2, Pylon  
  180  11:47  High Templar x2  
  182  12:00  Zealot x3, High Templar  
  182  12:01  Zealot  
  187  12:06  Observer  
  184  12:14  Zealot x3  
  184  12:15  Zealot  
  186  12:19  Immortal  
  184  12:24  Zealot x5  
  184  12:26  Carrier  
  197  12:37  Zealot, Carrier  
  171  13:08  Nexus  
  171  13:11  Oracle  
  174  13:16  Pylon  
  174  13:25  High Templar  
  174  13:26  High Templar x4  
  184  13:31  Archon x2  
  178  13:36  Stalker x4  
  186  13:49  Nexus  
  186  13:56  Observer x2  
  162  14:10  Archon x2  
  162  14:16  Zealot x2  
  162  14:17  Zealot x3  
  152  14:29  High Templar x2  
  152  14:30  Zealot x2  
  160  14:34  Archon x2  
  160  14:58  Probe x2  
  160  15:09  Stalker x6  
  160  15:10  Stalker  
Tags
 
Add a new tag
Caveats
  • Supply blocks, unpowered buildings, or Contaminate may cause inaccurate times.
  • Supply counts are checked every 10 seconds.